 Dungeon Crawl Stone Soup version 0.24-b1 (webtiles) character file.

Game seed: 13819154898805638743, levelgen mode: deterministic

8324 MalarOregon the Fighter (level 11, -2/85 HPs)
             Began as a White Draconian Conjurer on Oct 13, 2019.
             Was a Priest of Hepliaklqana.
             Slain by a troll (11 damage)
             ... on level 10 of the Dungeon.
             The game lasted 00:25:47 (14449 turns).

MalarOregon the Fighter (White Draconian Conjurer) Turns: 14449, Time: 00:25:47

Health: -2/85      AC: 12    Str: 11    XL:     11   Next: 8%
Magic:  10/20      EV: 14    Int: 18    God:    Hepliaklqana [***...]
Gold:   404        SH: 10    Dex: 12    Spells: 14/22 levels left

rFire    . . .     SeeInvis .   M - staff of cold (curse)
rCold    + + .     Gourm    .   m - +0 shield
rNeg     . . .     Faith    .   (armour unavailable)
rPois    .         Spirit   .   (helmet restricted)
rElec    .         Reflect  .   j - +0 cloak
rCorr    .         Harm     .   G - +0 pair of gloves
MR       .....                  y - +2 pair of boots
Stlth    +++.......             (no amulet)
HPRegen  0.24/turn              a - ring of stealth
MPRegen  0.17/turn              (no ring)

@: lethally poisoned (-2 -> -2)
A: breathe frost, unfitting armour, reduced essence, cold resistance 1,
cold-blooded, AC +7
a: Breathe Frost, Recall Ancestor, Ancestor Identity, Transference, Renounce
Religion


You were on level 10 of the Dungeon.
You worshipped Hepliaklqana.
Hepliaklqana was most pleased with you.
You were not hungry.

You visited 2 branches of the dungeon, and saw 11 of its levels.

You collected 404 gold pieces.

Inventory:

Hand Weapons
 z - a +2 hand axe of flaming
   (You took it off an orc priest on level 4 of the Dungeon)
 D - a +2 quarterstaff of protection
   (You found it on level 3 of the Dungeon)
Missiles
 k - 5 datura-tipped darts
 I - 33 poisoned darts (quivered)
 J - 4 throwing nets {!f}
Armour
 j - a +0 cloak (worn)
   (You found it on level 4 of the Dungeon)
 m - a +0 shield (worn)
   (You found it on level 2 of the Dungeon)
 y - a +2 pair of boots (worn)
   (You found it on level 3 of the Dungeon)
 G - a +0 pair of gloves (worn)
   (You found it on level 6 of the Dungeon)
Magical Staves
 M - a cursed staff of cold (weapon)
   (You found it on level 8 of the Dungeon)
Jewellery
 a - a ring of stealth (left hand)
   (You found it on level 2 of the Dungeon)
 P - a +4 ring of strength {unknown}
   (You found it on level 9 of the Dungeon)
Wands
 d - a wand of iceblast (13)
   (You found it on level 8 of the Dungeon)
 x - a wand of acid (19)
   (You found it on level 4 of the Dungeon)
 F - a wand of scattershot (4)
   (You found it on level 6 of the Dungeon)
 L - a wand of enslavement (9)
   (You found it on level 8 of the Dungeon)
Scrolls
 b - 2 scrolls of amnesia
 f - 2 scrolls of fog
 g - 6 scrolls of identify {@r1}
 i - 3 scrolls of magic mapping {unknown}
 o - 3 scrolls of teleportation {unknown}
 p - a scroll of random uselessness {unknown}
 q - 2 scrolls of blinking {unknown}
 r - 3 scrolls of enchant weapon {unknown}
 s - 3 scrolls of fear
 w - a scroll of enchant armour {unknown}
 A - 2 scrolls of remove curse {@r2}
 B - a scroll of acquirement {unknown}
 E - 2 scrolls of immolation {unknown}
Potions
 c - 9 potions of agility
 h - a potion of curing {@q1}
 l - a potion of might
 n - 3 potions of lignification {unknown}
 t - a potion of magic
 u - 2 potions of brilliance {unknown}
 v - a potion of flight
 C - a potion of haste {@q3}
 H - a potion of heal wounds {@q2}
 K - a potion of invisibility {unknown}
 N - a potion of cancellation {unknown}
 O - 2 potions of mutation {unknown}
Comestibles
 e - 13 rations {!d}
 Q - a chunk of flesh


   Skills:
 - Level 8.7 Fighting
 + Level 3.0 Staves
 - Level 7.5 Dodging
 - Level 1.7 Stealth
 + Level 8.4 Shields
 - Level 6.0 Spellcasting
 - Level 4.4 Conjurations
 + Level 7.0 Ice Magic
 + Level 2.9 Evocations


You had 14 spell levels left.
You knew the following spells:

 Your Spells              Type           Power        Failure   Level  Hunger
a - Freeze                Ice            ####         1%          1    None
d - Summon Ice Beast      Ice/Summ       ####....     54%         4    ####...
s - Dazzling Spray        Conj/Hex       ##....       34%         3    ##.....

Your spell library contained the following spells:

 Spells                   Type           Power        Failure   Level  Hunger
 Magic Dart               Conj           ###.         4%          1    None
 Searing Ray              Conj           ###...       7%          2    None
 Ensorcelled Hibernation  Hex/Ice        ####..       10%         2    None
 Throw Flame              Conj/Fire      ##....       17%         2    None
 Corona                   Hex            #......      28%         1    None
 Iskenderun's Mystic Bla  Conj           ###.....     43%         4    ####...
 Confuse                  Hex            #.......     63%         3    ##.....
 Ignite Poison            Fire/Tmut/Pois #.......     63%         3    ##.....
 Tukima's Dance           Hex            #.......     63%         3    ##.....
 Force Lance              Conj/Tloc      ##......     75%         4    ####...
 Fulminant Prism          Conj/Hex       ##........   75%         4    ####...
 Iskenderun's Battlesphe  Conj/Chrm      ##......     97%         5    #####..
 Venom Bolt               Conj/Pois      ##........   97%         5    #####..
 Alistair's Intoxication  Tmut/Pois      #.......     100%        5    #####..
 Shatter                  Erth           #.........   100%        9    #######


Dungeon Overview and Level Annotations

Branches:
Dungeon (10/15)            Temple (1/1) D:4            Lair (0/6) D:9
    Orc: D:9-12

Altars:
Ashenzari
Cheibriados
Dithmenos
Elyvilon
Fedhas
Gozag
Hepliaklqana
Kikubaaqudgha
Makhleb
Nemelex Xobeh
Okawaru
Qazlal
Ru
Sif Muna
Trog
Uskayaw
Vehumet
Wu Jian
Xom
Yredelemnul
Zin
The Shining One


Innate Abilities, Weirdness & Mutations

You can breathe waves of freezing cold.
You can buffet flying creatures when you breathe cold.
Your icy white scales are hard. (AC +7)
You cannot fit into any form of body armour.
Your flesh is cold resistant. (rC+)
You are cold-blooded and may be slowed by cold attacks.
Your life essence is reduced to manifest your ancestor. (-10% HP)


Message History

The killer bee stings you but does no damage.
Aim: a killer bee (lightly wounded)
You feel a surge of power!
You freeze the killer bee!
You feel sick. The killer bee closely misses you.
You block the killer bee's attack.
Aim: a killer bee (severely wounded)
You feel a surge of power!
You freeze the killer bee.
You kill the killer bee!
Your Staves skill increases to level 3!
You feel sick.
Aim: a troll You feel a surge of power!
You freeze the troll!
You feel sick. The troll bites you but does no damage.
The troll closely misses you. The troll claws you!
You hit the troll but do no damage. You freeze the troll!
Your tail-slap misses the troll.
You block the troll's attack. The troll claws you.
* * * LOW HITPOINT WARNING * * *
The troll misses you.
You swap places.
You feel sick.
The troll barely misses Udjahorresnet.
The troll claws Udjahorresnet! x2; Udjahorresnet closely misses the troll.
You feel sick.
The troll barely misses Udjahorresnet.
The troll claws Udjahorresnet.
The troll claws Udjahorresnet!
Udjahorresnet hits the troll with a +0 quarterstaff!!
There is a stone staircase leading up here.
The troll bites Udjahorresnet.
The troll barely misses Udjahorresnet.
The troll claws Udjahorresnet!
Udjahorresnet is destroyed!
You feel sick.
You barely miss the troll.
You feel sick. The troll bites you.
* * * LOW HITPOINT WARNING * * *
You block the troll's attack. The troll misses you.
You hit the troll.
Your tail-slap misses the troll.
The troll barely misses you. The troll claws you!
* * * LOW HITPOINT WARNING * * *
You block the troll's attack.
You hit the troll. The troll barely misses you. You block the troll's attack.
The troll closely misses you.
You barely miss the troll.
You feel sick. The troll bites you.
* * * LOW HITPOINT WARNING * * *
The troll claws you.
* * * LOW HITPOINT WARNING * * *
You block the troll's attack.
You hit the troll but do no damage. The troll bites you.
* * * LOW HITPOINT WARNING * * *
You block the troll's attack. The troll barely misses you.
Unknown command.
You closely miss the troll. You block the troll's attack.
The troll closely misses you. The troll barely misses you.
You closely miss the troll.
You feel sick. The troll bites you!
You die...

###
#@#
#T#
#.#
#†#
#.#
#.#
#.#
...
...


You could see a troll.

Vanquished Creatures
  Harold (D:9)
  A komodo dragon (D:9)
  4 slime creatures
  Sigmund (D:3)
  2 wyverns (D:8)
  A water moccasin (D:8)
  An ice beast (D:7)
  An orc warrior (D:4)
  A phantom (D:6)
  A black bear (D:6)
  An ogre (D:7)
  A sky beast (D:8)
  3 centaurs
  3 bullfrogs
  A wyvern skeleton (D:8)
  2 scorpions
  15 killer bees
  2 wights (D:8)
  2 howler monkeys
  A bullfrog zombie (D:7)
  A bullfrog skeleton (D:6)
  3 jellies
  2 orc wizards
  4 hounds
  5 orc priests
  Jessica (D:3)
  An iguana (D:4)
  6 worker ants
  A hound skeleton (D:9)
  13 adders
  2 shadow imps
  An ooze (D:4)
  3 adder skeletons (D:4)
  2 worms (D:2)
  5 dart slugs
  4 leopard geckos
  8 orcs
  10 bats
  6 giant cockroaches
  5 goblins
  5 hobgoblins
  6 jackals
  2 ball pythons
  9 frilled lizards
  10 kobolds
  A leopard gecko skeleton (D:6)
  3 rats
164 creatures vanquished.

Vanquished Creatures (collateral kills)
  3 hippogriffs
  4 hogs (D:7)
  2 hungry ghosts
  A human (D:7)
  An orc warrior (D:9)
  An ice beast (D:8)
  A sky beast (D:9)
  A necrophage (D:9)
  An ogre (D:8)
  A bullfrog (D:9)
  2 scorpions
  2 killer bees
  5 wights
  A jelly (D:5)
  7 howler monkeys
  4 crimson imps
  An orc priest (D:7)
  2 hounds
  2 iguanas
  5 orc wizards
  3 worker ants
  A hound zombie (D:7)
  A hound skeleton (D:4)
  2 adders (D:7)
  A shadow imp (D:6)
  4 orcs
  3 giant cockroaches
  2 jackals (D:7)
64 creatures vanquished.

Vanquished Creatures (others)
  8 battlemagi
  7 ancestors
  A plant (D:9)
16 creatures vanquished.

Grand Total: 244 creatures vanquished

Notes
Turn   | Place    | Note
-------+----------+-------------------------------------------
     0 | D:1      | MalarOregon the Draconian Conjurer began the quest for the
                  | Orb.
     0 | D:1      | Reached XP level 1. HP: 14/14 MP: 3/3
   248 | D:1      | Reached XP level 2. HP: 22/22 MP: 3/5
   442 | D:1      | Reached skill level 1 in Fighting
  1112 | D:1      | Reached XP level 3. HP: 28/28 MP: 0/6
  1503 | D:2      | Learned a level 3 spell: Dazzling Spray
  1607 | D:2      | Reached XP level 4. HP: 14/36 MP: 6/8
  1924 | D:2      | Found a sparkling altar of Nemelex Xobeh.
  2346 | D:2      | You fall into a shaft and drop 1 floor!
  2540 | D:3      | Noticed Sigmund
  2546 | D:3      | Reached skill level 1 in Shields
  2589 | D:3      | Noticed Jessica
  2605 | D:3      | Killed Jessica
  2605 | D:3      | Reached XP level 5. HP: 17/42 MP: 9/9
  3114 | D:3      | Killed Sigmund
  3114 | D:3      | Reached XP level 6. HP: 29/51 MP: 1/11
  3580 | D:3      | Found a hazy altar of Hepliaklqana.
  3670 | D:3      | Became a worshipper of Hepliaklqana the Forgotten
  4283 | D:4      | Noticed an orc warrior
  4621 | D:4      | Found a staircase to the Ecumenical Temple.
  4652 | Temple   | Entered the Ecumenical Temple
  4660 | Temple   | Your scales start taking on an icy white colour.
  4660 | Temple   | Reached XP level 7. HP: 4/52 MP: 4/12
  4660 | Temple   | Gained mutation: Your flesh is cold resistant. (rC+) [White
                  | Draconian growth]
  5515 | D:4      | Found a snail-covered altar of Cheibriados.
  5518 | D:4      | Found an opulent altar of Gozag.
  5536 | D:4      | Found a shattered altar of Ashenzari.
  5556 | D:4      | Found a white marble altar of Elyvilon.
  5900 | D:4      | Reached * piety under Hepliaklqana
  6272 | D:5      | Entered Level 5 of the Dungeon
  6356 | D:5      | Reached XP level 8. HP: 44/60 MP: 13/15
  6488 | D:5      | Found an opulent altar of Gozag.
  7287 | D:6      | Reached skill level 5 in Fighting
  7422 | D:6      | Reached skill level 5 in Spellcasting
  7526 | D:6      | Reached skill level 5 in Dodging
  7539 | D:6      | Found a bloodstained altar of Trog.
  7754 | D:6      | Reached ** piety under Hepliaklqana
  8001 | D:6      | Found a burning altar of Makhleb.
  8014 | D:6      | Noticed a balrug
  8263 | D:7      | Reached skill level 5 in Shields
  8275 | D:7      | Found an ornate altar of the Wu Jian Council.
  8276 | D:7      | Found a shimmering altar of Xom.
  8276 | D:7      | Found a radiant altar of Vehumet.
  8276 | D:7      | Found a hazy altar of Hepliaklqana.
  8286 | D:7      | Remembered your ancestor Udjahorresnet as a battlemage
  8423 | D:7      | Noticed a hippogriff
  8425 | D:7      | Reached XP level 9. HP: 31/67 MP: 17/17
  9020 | D:4      | Found a shattered altar of Ashenzari.
  9024 | D:4      | Found a white marble altar of Elyvilon.
  9027 | D:4      | Found an opulent altar of Gozag.
  9036 | D:4      | Found a snail-covered altar of Cheibriados.
  9175 | D:4      | Found a staircase to the Ecumenical Temple.
  9858 | D:7      | Identified the Reference Book on Contamination and Snow
  9893 | D:7      | Learned a level 1 spell: Freeze
  9898 | D:7      | Learned a level 4 spell: Summon Ice Beast
  9993 | D:7      | Reached skill level 1 in Ice Magic
 10784 | D:7      | Noticed a two-headed ogre
 10897 | D:8      | Reached XP level 10. HP: 42/79 MP: 19/19
 11476 | D:7      | HP: 2/79 [hippogriff (6)]
 11869 | D:8      | Reached skill level 5 in Ice Magic
 12217 | D:8      | Got a jewelled mace
 12221 | D:8      | Identified the cursed +1 mace "Ximol" {freeze, rF- rN+
                  | Dex+6 Stlth+} (You found it on level 8 of the Dungeon)
 12235 | D:8      | Identified Emmopha's Reference Book on Dusty Confrontation
 12611 | D:8      | Reached skill level 1 in Staves
 12611 | D:8      | Reached skill level 1 in Evocations
 13309 | D:9      | Reached *** piety under Hepliaklqana
 13432 | D:9      | Found a staircase to the Lair.
 13595 | D:9      | Noticed Harold
 14250 | D:9      | Killed Harold
 14250 | D:9      | Reached XP level 11. HP: 36/85 MP: 12/20
 14418 | D:10     | Entered Level 10 of the Dungeon
 14449 | D:10     | Slain by a troll

Skill      XL: |  1  2  3  4  5  6  7  8  9 10 11 |
---------------+----------------------------------+-----
Dodging        | 2 3 4 5 6 7 |  7.5
Fighting       | 1 2 3 4 6 7 8 |  8.7
Shields        | 1 2 3 5 6 8 |  8.4
Spellcasting   | 3 4 5 6 |  6.0
Ice Magic      | 4 6 7 |  7.0
Staves         | 2 3 |  3.0
Evocations     | 2 |  2.9
Stealth        | |  1.7
Conjurations   | |  4.4

Action                   |  1- 3 |  4- 6 |  7- 9 | 10-12 || total
-------------------------+-------+-------+-------+-------++-------
Melee: Unarmed           |    49 |       |       |       ||    49
       Tailslap          |     6 |    22 |    37 |    21 ||    86
       Short sword       |     1 |       |       |       ||     1
       Spear             |    18 |   234 |   438 |    88 ||   778
       Hand axe          |       |       |    11 |       ||    11
       Staff             |       |       |       |   121 ||   121
       Mace              |       |       |       |     2 ||     2
Throw: Dart              |       |       |     8 |       ||     8
 Cast: Magic Dart        |    56 |    22 |     8 |       ||    86
       Freeze            |       |       |    25 |    69 ||    94
Invok: Ancestor Life: Ba |       |       |     1 |       ||     1
       Recall Ancestor   |       |       |       |     1 ||     1
 Abil: Breathe Frost     |       |       |     6 |     3 ||     9
Evoke: Wand              |       |       |       |    15 ||    15
  Use: Scroll            |     5 |     2 |     2 |     2 ||    11
       Potion            |       |       |     3 |       ||     3
 Stab: Sleeping          |     4 |    15 |    15 |     1 ||    35
       Distracted        |       |       |     3 |     1 ||     4
  Eat: Chunk             |     3 |     9 |     7 |    12 ||    31
       Ration            |       |       |     5 |       ||     5
Armor: Skin              |    29 |    61 |   135 |    87 ||   312
Dodge: Dodged            |    60 |    94 |   220 |   144 ||   518
Block: Shield            |    13 |    66 |   208 |   148 ||   435
